 Dungeon Crawl Stone Soup version 0.31-a0-196-g86fe4a5e66 (webtiles) character file.

Game seed: 813334148980543241

191 qw the Skirmisher (level 5, 0/29 HPs)
             Began as a Deep Elf Hunter on June 24, 2023.
             Slain by a goblin
             ... wielding a +0 club
             ... led by Robin
              (4 damage)
             ... on level 4 of the Dungeon.
             The game lasted 00:00:47 (2607 turns).

qw the Skirmisher (Deep Elf Hunter)                 Turns: 2607, Time: 00:00:48

Health: 0/29       AC:  5    Str: 10    XL:     5   Next: 42%
Magic:  7/7        EV: 11    Int: 14    God:
Gold:   59         SH:  0    Dex: 18    Spells: 4/4 levels left

rFire   . . .        Y - +0 shortbow
rCold   . . .        (shield currently unavailable)
rNeg    . . .        h - +0 ring mail
rPois   .            (no helmet)
rElec   .            (no cloak)
rCorr   .            (no gloves)
SInv    .            (no boots)
Will    .....        (no amulet)
Stlth   +            (no ring)
HPRegen 0.24/turn    (no ring)
MPRegen 0.10/turn

%: no passive effects
@: about to teleport
A: mutation resistance 1, no potion heal 1
a: no special abilities


You were on level 4 of the Dungeon.
You visited 1 branch of the dungeon, and saw 4 of its levels.

You collected 176 gold pieces.
You spent 117 gold pieces at shops.


Innate Abilities, Weirdness & Mutations

You are somewhat resistant to further mutation.
Potions are less effective at restoring your health.


   Skills:
 - Level 1.5 Fighting
 + Level 8.9 Ranged Weapons
 - Level 2.4 Dodging
 - Level 1.2 Stealth


You had 4 spell levels left.
You didn't know any spells.
Your spell library was empty.

Inventory:

Hand Weapons
 Y - a +0 shortbow (weapon)
Armour
 h - a +0 ring mail (worn)
Jewellery
 b - a ring of protection from fire
Scrolls
 a - a scroll of teleportation
 d - a scroll of identify
Potions
 c - 2 potions of heal wounds {unknown}
 e - a potion of berserk rage {unknown}
 f - 3 potions of curing

Dungeon Overview and Level Annotations

Branches:
Dungeon (4/15)
 Temple: D:4-7

Altars:

Shops:
D:2 [   D:3 ?

Annotations:
D:4 Robin


Message History

You shoot an arrow. The arrow hits the hound.
The hound is severely wounded.
The hound closely misses you. x2
You shoot an arrow. The arrow hits the hound.
The hound is severely wounded.
The hound bites you but does no damage. The goblin hits you but does no damage.
The hound bites you but does no damage.
You shoot an arrow. The arrow hits the hound.
The hound is almost dead.
The goblin closely misses you. The goblin hits you but does no damage.
The hound bites you but does no damage.
You shoot an arrow. The arrow hits the hound.
You kill the hound!
The goblin barely misses you. The goblin hits you with a +0 dagger.
You shoot an arrow. The arrow closely misses the goblin.
The goblin closely misses you. The goblin hits you but does no damage.
You shoot an arrow. The arrow closely misses the goblin.
The goblin hits you with a +0 club. The goblin barely misses you.
You shoot an arrow. The arrow closely misses the goblin.
The goblin hits you with a +0 dagger. The goblin barely misses you.
The goblin hits you with a +0 club.
You shoot an arrow. The arrow hits the goblin.
The goblin is severely wounded.
The goblin hits you with a +0 club. The goblin hits you with a +0 dagger.
A goblin comes into view. It is wielding a +0 club.
2603 ||| Stepping ~*~*~tactically~*~*~ (outnumbered).
You shoot an arrow. The arrow closely misses the goblin.
The goblin hits you with a +0 dagger.
You shoot an arrow. The arrow closely misses the goblin.
The arrow hits the goblin.
You kill the goblin!
The goblin hits you with a +0 dagger.
2606 ||| READING 2 scrolls of teleportation.
As you read the scroll of teleportation, it crumbles to dust.
You feel strangely unstable. The goblin closely misses you.
You shoot an arrow. The arrow hits the goblin.
The goblin is moderately wounded.
The goblin hits you but does no damage. The goblin hits you with a +0 club.
You die...

.. #. ## . # #. .##..
.. #.####.###.....
##.#
...............#...#
........ .......
#%g.# #.#..######
#gg@#### ...###...##
#.#/...###..##.....#
#.####...)..#.......
gg ####...#..[....
gg#########..#.......


ggg .............[...# ..## #######..........# ... ####.##........
.......<....... You could see 3 goblins.

Vanquished Creatures
  A hound (D:4)
  A jelly (D:4)
  Natasha (D:2)
  4 adders
  4 dart slugs
  An orc (D:3)
  3 endoplasms
  3 giant cockroaches
  6 goblins
  3 hobgoblins
  4 jackals (D:3)
  3 quokkas
  5 ball pythons
  10 bats
  2 frilled lizards
  3 kobolds
  6 rats
60 creatures vanquished.

Notes
Turn   | Place    | Note
-------+----------+-------------------------------------------
     0 | D:1      | qw the Deep Elf Hunter began the quest for the Orb.
     0 | D:1      | Reached XP level 1. HP: 12/12 MP: 3/3
     0 | D:1      | 0 ||| qw: Version: 0.3-a-9-g12657ce
     0 | D:1      | 0 ||| qw: Game counter: 4825
     0 | D:1      | 0 ||| qw: Always use a shield: true
     0 | D:1      | 0 ||| qw: God list: Okawaru
     0 | D:1      | 0 ||| qw: Allow faded altars: false
     0 | D:1      | 0 ||| qw: Do Orc after D:15 true
     0 | D:1      | 0 ||| qw: Do second Lair branch before Depths: true
     0 | D:1      | 0 ||| qw: Lair rune preference: random
     0 | D:1      | 0 ||| qw: Plans: Normal
     0 | D:1      | 0 ||| PLANNING D:1-11
    24 | D:1      | 24 ||| FLEEEEING.
    25 | D:1      | 25 ||| FLEEEEING.
    26 | D:1      | 26 ||| FLEEEEING.
    77 | D:1      | Reached skill level 6 in Ranged Weapons
    77 | D:1      | Reached XP level 2. HP: 12/16 MP: 4/4
   602 | D:1      | 602 ||| UPGRADING to +0 ring mail.
   612 | D:1      | 612 ||| DROPPING +0 leather armour.
   613 | D:1      | 613 ||| READING 2 scrolls labelled GEZXU EZOMO.
   616 | D:1      | 616 ||| READING scroll labelled VUIMPE XEGOIJALY.
   617 | D:1      | 617 ||| DRINKING 3 sedimented brown potions.
   618 | D:1      | 618 ||| DROPPING scroll of butterflies.
   772 | D:2      | Found Mehaf's Antique Armour Boutique.
   777 | D:2      | 777 ||| SHOPLISTING brightly glowing leather armour (189
                  | gold, have 76).
   777 | D:2      | 777 ||| SHOPLISTING dyed leather armour (135 gold, have
                  | 76).
   777 | D:2      | 777 ||| SHOPLISTING pair of boots (121 gold, have 76).
   777 | D:2      | 777 ||| SHOPLISTING pair of gloves (121 gold, have 76).
   777 | D:2      | 777 ||| SHOPLISTING pair of glowing gloves (202 gold, have
                  | 76).
   777 | D:2      | 777 ||| SHOPLISTING runed scarf (216 gold, have 76).
   853 | D:2      | Reached XP level 3. HP: 20/20 MP: 5/5
  1156 | D:2      | Noticed Natasha
  1164 | D:2      | Killed Natasha
  1165 | D:2      | Reached skill level 7 in Ranged Weapons
  1165 | D:2      | Reached XP level 4. HP: 18/25 MP: 6/6
  1269 | D:2      | Found a faded altar of an unknown god.
  1605 | D:2      | 1605 ||| READING scroll labelled JIJOXKE LABRU.
  1807 | D:3      | Found Jazuycra's Magic Scroll Shoppe.
  1810 | D:3      | 1810 ||| BUYING scroll of identify (26 gold).
  1810 | D:3      | Bought a scroll of identify for 26 gold pieces
  1810 | D:3      | 1810 ||| BUYING scroll of identify (26 gold).
  1810 | D:3      | Bought a scroll of identify for 26 gold pieces
  1810 | D:3      | 1810 ||| BUYING scroll of identify (26 gold).
  1810 | D:3      | Bought a scroll of identify for 26 gold pieces
  1810 | D:3      | 1810 ||| BUYING scroll of teleportation (39 gold).
  1810 | D:3      | Bought a scroll of teleportation for 39 gold pieces
  1810 | D:3      | 1810 ||| SHOPLISTING scroll of teleportation (39 gold, have
                  | 14).
  1835 | D:3      | 1835 ||| Stepping ~*~*~tactically~*~*~ (outnumbered).
  2136 | D:3      | Reached skill level 8 in Ranged Weapons
  2423 | D:3      | 2423 ||| DRINKING 2 bubbling sapphire potions.
  2423 | D:3      | Gained mutation: Potions are less effective at restoring
                  | your health. [potion of mutation]
  2424 | D:3      | 2424 ||| DRINKING potion of mutation.
  2424 | D:3      | Lost mutation: Potions are less effective at restoring your
                  | health. [potion of mutation]
  2424 | D:3      | Gained mutation: Potions are less effective at restoring
                  | your health. [potion of mutation]
  2424 | D:3      | Gained mutation: You are somewhat resistant to further
                  | mutation. [potion of mutation]
  2425 | D:3      | 2425 ||| READING 3 scrolls of identify.
  2425 | D:3      | 2425 ||| IDENTIFYING fizzy purple potion
  2426 | D:3      | 2426 ||| READING 2 scrolls of identify.
  2426 | D:3      | 2426 ||| IDENTIFYING yellow potion
  2427 | D:3      | 2427 ||| DROPPING potion of degeneration.
  2428 | D:3      | 2428 ||| DROPPING potion of attraction.
  2482 | D:4      | Reached XP level 5. HP: 29/29 MP: 7/7
  2504 | D:4      | Identified the staff "Killer Bee's Regret" {rC+ rCorr Dex+3
                  | Stlth+ Ice}
  2592 | D:4      | Noticed Robin
  2603 | D:4      | 2603 ||| Stepping ~*~*~tactically~*~*~ (outnumbered).
  2605 | D:4      | HP: 4/29 [goblin/+0 dagger[Robin] (5)]
  2606 | D:4      | 2606 ||| READING 2 scrolls of teleportation.
  2607 | D:4      | Slain by a goblin

Levels and vault maps discovered:
D:1:      nicolae_arrival_somewhat_less_tricky_arrival, layout_basic,
          minmay_tetromino_i4
D:2:      layout_basic, serial_shops, shop,
          shapermc_ecumenical_altar_flowoftime, roderic_lattice_a, uniq_natasha
D:3:      layout_basic, serial_shops, nicolae_shop_real_fake_doors
D:4:      layout_rooms, uniq_duvessa, uniq_ijyb, uniq_robin

Skill      XL: |  1  2  3  4 |
---------------+-------------+-----
Ranged Weapons | 6 7 8 |  8.9
Fighting       | |  1.5
Dodging        | |  2.4
Stealth        | |  1.2

Action                     |  1- 3 |  4- 6 || total
---------------------------+-------+-------++-------
   Fire: Shortbow          |    73 |    89 ||   162
    Use: Scroll            |     2 |     4 ||     6
         Potion            |     1 |     2 ||     3
 Armour: Leather armour    |     4 |       ||     4
         Ring mail         |     9 |    18 ||    27
  Dodge: Dodged            |    18 |    27 ||    45

Table legend:
 A = Non-vault XP
 B = Vault XP
 C = Vault XP percentage of total XP
 D = Non-vault monster count
 E = Vault monster count
 F = Vault count percentage of total count
                 A         B        C        D         E       F
            +---------+---------+-------+---------+---------+-------
      Total |     229 |      45 |  16.4 |      54 |       6 |  10.0
            +---------+---------+-------+---------+---------+-------
        D:1 |      30 |       6 |  16.7 |      15 |       4 |  21.1
        D:2 |      48 |      37 |  43.5 |      16 |       1 |   5.9
        D:3 |      33 |       0 |   0.0 |      17 |       0 |   0.0
        D:4 |     118 |       2 |   1.7 |       6 |       1 |  14.3
            +---------+---------+-------+---------+---------+-------
